 Dungeon Crawl Stone Soup version 0.21.1-1-g345015fe64 (webtiles) character file.

431 BrokenGlass the Sneak (level 6, -22/33 HPs)
             Began as a Vine Stalker Artificer on Mar 23, 2018.
             Annihilated by a two-headed ogre
             ... wielding a +0 giant spiked club
              (32 damage)
             ... on level 4 of the Dungeon.
             The game lasted 00:05:19 (3210 turns).

BrokenGlass the Sneak (Vine Stalker Artificer)      Turns: 3210, Time: 00:05:20

Health: -22/33     AC:  5    Str: 16    XL:     6   Next: 99%
Magic:  0/9        EV: 14    Int: 11    God:
Gold:   133        SH:  0    Dex: 15    Spells: 5/5 levels left

rFire    . . .     SeeInvis .   B - +0 blowgun
rCold    . . .     Gourm    .   (no shield)
rNeg     . . .     Faith    .   b - +0 leather armour
rPois    .         Spirit   +   w - +0 helmet
rElec    .         Reflect  .   (no cloak)
rCorr    +         Harm     .   (no gloves)
MR       .....                  k - +0 pair of boots
Stlth    +++.......             (no amulet)
HPRegen  0.51/turn              h - ring of resist corrosion
MPRegen  0.11/turn              m - +2 ring of evasion

@: no status effects
A: fangs 2, regeneration 1, magic shield, antimagic bite, no potion heal 3, rot
immunity
a: no special abilities


You were on level 4 of the Dungeon.
You were hungry.

You visited 1 branch of the dungeon, and saw 4 of its levels.

You collected 133 gold pieces.

Inventory:

Hand Weapons
 y - a +0 hunting sling
 B - a +0 blowgun (weapon)
 E - a +1 short sword of protection
 F - a +0 shortbow
Missiles
 t - 84 stones
 v - 22 bolts
 D - 10 poisoned needles (quivered)
Armour
 b - a +0 leather armour (worn)
 k - a +0 pair of boots (worn)
 w - a +0 helmet (worn)
Jewellery
 h - a ring of resist corrosion (left hand)
 m - a +2 ring of evasion (right hand)
Wands
 c - a wand of flame (15)
 d - a wand of enslavement (10)
 e - a wand of random effects (14)
 C - a wand of scattershot (8)
Scrolls
 g - a scroll of enchant armour {unknown}
 j - 3 scrolls of identify {unknown}
 l - 5 scrolls of teleportation {unknown}
 p - 2 scrolls of amnesia {unknown}
 r - a scroll of immolation {unknown}
Potions
 a - a potion of agility {unknown}
 i - a potion of mutation {unknown}
 n - 3 potions of magic {unknown}
 o - 2 potions of haste {unknown}
 q - a potion of might {unknown}
 s - a potion of invisibility {unknown}
 u - 2 potions of degeneration {unknown}
 x - 7 potions of curing {unknown}
 A - a potion of flight {unknown}
Books
 z - a book of Alchemy

   Spells                             Type                      Level
   a - Sublimation of Blood           Necromancy                   2
   b - Ignite Poison                  Fire/Transmutation/Poison    3
   c - Petrify                        Transmutation/Earth          4
   d - Alistair's Intoxication        Transmutation/Poison         5
   e - Irradiate                      Conjuration/Transmutation    5
Comestibles
 f - 8 rations
 G - 3 chunks of flesh


   Skills:
 * Level 4.0 Fighting
 + Level 2.7 Short Blades
 - Level 1.5 Dodging
 * Level 5.7 Stealth
 - Level 2.6 Evocations


You had 5 spell levels left.
You didn't know any spells.

Dungeon Overview and Level Annotations

Branches:
Dungeon (4/15)
 Temple: D:4-7

Altars:
Ashenzari
Qazlal
Ru
Vehumet
The Shining One


Innate Abilities, Weirdness & Mutations

You have extremely sharp teeth.
Your natural rate of healing is unusually fast.
When hurt, damage is shared between your health and your magic reserves.
Your bite disrupts and absorbs the magic of your enemies.
Potions cannot restore your health.
You are immune to rotting.


Message History

The two-headed ogre looks even sicker.
The two-headed ogre is lightly wounded.
Firing (i - inventory. (,) - cycle):
D - 11 poisoned needles (quivered)
Press: ? - help, Shift-Dir - straight line, f/p - two-headed ogre
Aim: a two-headed ogre, wielding a giant spiked club and a giant club (lightly wounded, poisoned)
You shoot a poisoned needle.
The poisoned needle hits the two-headed ogre.
The two-headed ogre looks even sicker.
The two-headed ogre is lightly wounded.
Evoke which item? (* to show all) (? for menu, Esc to quit)
Aiming: Random Effects
Press: ? - help, Shift-Dir - straight line, f/p - two-headed ogre
Aim: a two-headed ogre, wielding a giant spiked club and a giant club (lightly wounded, poisoned)
The fireball explodes!
The fireball engulfs the two-headed ogre.
The two-headed ogre is moderately wounded.
The fireball engulfs you!
The two-headed ogre hits you with a giant spiked club!!
Ouch! That really hurt!
You die...

#.# #........# #.#
#####.#### #.# #.# ##+##
#.# ##...## ###.#####
##.....## ####.......#
##.......## #........#.#
###.........###....#.#.#.#
.'.........'O@......#.#.#
###.........###......#.#.#
##......(## #........#.#
##....(## ####......[#
##..(## #.####### .
##(##########.# . #(#
#.....##.# . #.#
#.....##.#
.########.###........#


You could see a two-headed ogre.

Vanquished Creatures
  Sigmund (D:2)
  2 orc wizards
  Robin (D:2)
  5 adders (D:2)
  An ooze (D:3)
  A worm (D:3)
  2 dart slugs
  3 leopard geckos
  2 orcs (D:3)
  6 bats
  4 giant cockroaches
  17 goblins
  12 hobgoblins
  3 jackals (D:4)
  6 frilled lizards
  6 kobolds
  9 rats
81 creatures vanquished.

Vanquished Creatures (collateral kills)
  A scorpion (D:4)
1 creature vanquished.

Vanquished Creatures (others)
  An orc wizard (D:3)
1 creature vanquished.

Grand Total: 83 creatures vanquished

Notes
Turn   | Place    | Note
-------+----------+-------------------------------------------
     0 | D:1      | BrokenGlass the Vine Stalker Artificer began the quest for the Orb.
     0 | D:1      | Reached XP level 1. HP: 9/9 MP: 3/3
    20 | D:1      | Found a glowing golden altar of the Shining One.
    33 | D:1      | Reached skill level 1 in Fighting
   257 | D:1      | Reached skill level 1 in Short Blades
   536 | D:1      | Reached XP level 2. HP: 13/14 MP: 5/5
   541 | D:1      | Reached skill level 2 in Stealth
  1080 | D:1      | Reached XP level 3. HP: 18/18 MP: 6/6
  1212 | D:2      | Noticed Robin
  1291 | D:2      | Killed Robin
  1291 | D:2      | Reached skill level 3 in Stealth
  1345 | D:2      | Gained mutation: Your natural rate of healing is unusually fast. [Vine Stalker growth]
  1345 | D:2      | Reached XP level 4. HP: 9/23 MP: 5/7
  1569 | D:2      | Found a shattered altar of Ashenzari.
  1700 | D:2      | Noticed Sigmund
  1754 | D:2      | Killed Sigmund
  1754 | D:2      | Reached skill level 5 in Stealth
  1754 | D:2      | Reached XP level 5. HP: 13/28 MP: 4/8
  1754 | D:2      | Reached XP level 6. HP: 15/32 MP: 4/9
  1851 | D:2      | Found a sacrificial altar of Ru.
  1909 | D:2      | Found a stormy altar of Qazlal.
  2371 | D:3      | Found a radiant altar of Vehumet.
  2649 | D:3      | Found a faded altar of an unknown god.
  3139 | D:4      | Noticed a two-headed ogre
  3210 | D:4      | Annihilated by a two-headed ogre

Skill      XL: |  1  2  3  4  5  6 |
---------------+-------------------+-----
Fighting       | 1 2 3 4 |  4.0
Short Blades   | 1 2 |  2.7
Stealth        | 2 3 5 |  5.7
Dodging        | |  1.5
Evocations     | |  2.6

Action                   |  1- 3 |  4- 6 || total
-------------------------+-------+-------++-------
Melee: Short sword       |   124 |   173 ||   297
       Bite              |    29 |    56 ||    85
 Fire: Blowgun           |       |     8 ||     8
Evoke: Wand              |       |     6 ||     6
 Stab: Sleeping          |     1 |     7 ||     8
  Eat: Chunk             |       |     7 ||     7
Armor: Leather armour    |    26 |    28 ||    54
Dodge: Dodged            |    85 |    94 ||   179
